 Dungeon Crawl Stone Soup version 0.31-a0-986-g5e6e4ef867 (webtiles) character file.

Game seed: 18280482163524530703

340 hikkokomori the Sneak (level 6, -1/61 HPs)
             Began as an Octopode Conjurer on Nov 23, 2023.
             Slain by an orc wizard
             ... wielding a +0 dagger
              (3 damage)
             ... on level 4 of the Dungeon.
             The game lasted 00:10:59 (3742 turns).

hikkokomori the Sneak (Octopode Conjurer)           Turns: 3742, Time: 00:11:00

Health: -1/61      AC:  1    Str: 12    XL:     6   Next: 56%
Magic:  5/10       EV: 13    Int: 23    God:
Gold:   247        SH:  0    Dex: 10    Spells: 4/11 levels left

rFire   . . .        (no weapon)
rCold   . . .        (no shield)
rNeg    . . .        (helmet restricted)
rPois   .            (no amulet)
rElec   .            i - +6 ring of strength
rCorr   .            (no ring)
SInv    .            (no ring)
Will    .....        (no ring) Stlth
                     (no ring)
HPRegen 0.30/turn    (no ring)
MPRegen 0.12/turn    (no ring)
                     (no ring)

%: no passive effects
@: berserking, lethally poisoned (-1 -> -8), very quick
A: almost no armour, amphibious, 8 rings, camouflage 1, gelatinous body 1,
(nimble swimmer 1), tentacles
a: no special abilities


You were on level 4 of the Dungeon.
You visited 1 branch of the dungeon, and saw 4 of its levels.

You collected 247 gold pieces.

Inventory:

Hand Weapons
 r - a +0 orcbow of draining
Armour
 g - the orb "Uffiarel" {guile, rC+}
   (You found it on level 2 of the Dungeon)

   rC+:       It protects you from cold.
Jewellery
 i - a +6 ring of strength (left tentacle)
 p - an amulet of guardian spirit
Scrolls
 c - a scroll of teleportation
 d - a scroll of revelation {unknown}
 e - a scroll of fear {unknown}
 h - a scroll of poison {unknown}
 l - a scroll of identify
 m - a scroll of amnesia {unknown}
 n - 3 scrolls of fog
 q - a scroll of blinking {unknown}
Potions
 b - a potion of lignification {unknown}


   Skills:
 + Level 2.8 Fighting
 - Level 2.0 Dodging
 + Level 5.0 Stealth
 + Level 3.2 Spellcasting
 + Level 5.0 Conjurations
 + Level 1.9 Hexes


You had 4 spell levels left.
You knew the following spells:

 Your Spells              Type           Power      Damage    Failure   Level
a - Magic Dart            Conj           100%       1d8       1%          1
b - Fulminant Prism       Conj/Hex       9%         3d6       26%         4
c - Searing Ray           Conj           52%        2d6       2%          2

Your spell library contained the following spells:

 Spells                   Type           Power      Damage    Failure   Level
 Jinxbite                 Hex            24%        N/A       8%          2
 Dazzling Flash           Conj/Hex       38%        N/A       9%          3
 Ensorcelled Hibernation  Hex/Ice        16%        N/A       12%         2
 Summon Guardian Golem    Hex/Summ       8%         N/A       22%         3
 Iskenderun's Mystic Bla  Conj/Tloc      15%        2d5       36%         4
 Anguish                  Hex/Necr       4%         N/A       58%         4
 Orb of Destruction       Conj           13%        9d7       100%        7
 Spellforged Servitor     Conj/Summ      7%         N/A       100%        7


Dungeon Overview and Level Annotations

Branches:
Dungeon (4/15)
 Temple: D:4-7

Altars:
Dithmenos
Uskayaw


Innate Abilities, Weirdness & Mutations

You cannot wear most types of armour.
You are amphibious.
You can wear up to eight rings at the same time.
Your skin changes colour to match your surroundings (Stealth+).
Your rubbery body absorbs attacks. (AC +1, EV +1)
((You are camouflaged when in or above water. (Stealth+)))
You have tentacles for arms and can constrict up to eight enemies at once.


Message History

You are poisoned.
The scorpion poisons you!
You closely miss the scorpion. Your grab misses the scorpion.
You tentacle-slap the scorpion.
The scorpion is lightly wounded.
You feel very sick. The scorpion misses you.
You tentacle-slap the scorpion. You grab the scorpion.
The scorpion is moderately wounded.
You constrict the scorpion.
You feel very sick. The scorpion stings you! The scorpion stings you.
You are lethally poisoned!
The scorpion poisons you!
You tentacle-slap the scorpion but do no damage.
The scorpion is moderately wounded.
You constrict the scorpion.
You feel very sick. The scorpion stings you!
* * * LOW HITPOINT WARNING * * *
Unknown command.
It was a potion of berserk rage.
A red film seems to cover your vision as you go berserk!
You feel yourself moving faster!
You feel mighty!
You constrict the scorpion.
* * * LOW HITPOINT WARNING * * *
You feel very sick. The scorpion closely misses you.
Unknown command.
You tentacle-slap the scorpion. You squeeze the scorpion.
You kill the scorpion!
* * * LOW HITPOINT WARNING * * *
You feel sick.
The orc wizard casts a spell.
The orc wizard flickers and vanishes!
Deactivating autopickup; reactivate with Ctrl-A.
Your Stealth skill increases to level 5!
Your Conjurations skill increases to level 5!
* * * LOW HITPOINT WARNING * * *
You feel sick. Something hits you.
You die...

####.### ######.# #.#
#####...... #o# #.# .>.......#
##.## #.# ##.......#
#..##.##.###. ..#....#.#
#.###........ ##.......######
#.######.###. ###.........<.#
#.#.....)....
#.#...#####.#######.#.####)#...
#..#...........@{......####.#.##
#.##..#####..#######.###......#
#.##..#####..#######.###.##...##
#.##..##............#....###....
##.##..##.##..#######.#####
#.### #...#..##.##..# #.# #.# #
.......##.##..# #.# #.###
#...##.##.##..## #.# #.##.
##.............######.# #....


There were no monsters in sight!

Vanquished Creatures
  A phantom (D:4)
  A scorpion (D:4)
  2 iguanas (D:4)
  Robin (D:4)
  2 gnolls
  3 adders
  2 ufetubi (D:3)
  3 worms
  A dart slug (D:1)
  An orc (D:3)
  5 bats
  10 endoplasms
  2 giant cockroaches (D:2)
  13 goblins
  7 hobgoblins
  4 quokkas
  5 ball pythons
  8 frilled lizards
  7 kobolds
  6 rats
84 creatures vanquished.

Vanquished Creatures (others)
  A bat (D:1)
  A fulminant prism (D:4)
2 creatures vanquished.

Grand Total: 86 creatures vanquished

Notes
Turn   | Place    | Note
-------+----------+-------------------------------------------
     0 | D:1      | hikkokomori the Octopode Conjurer began the quest for the
                  | Orb.
     0 | D:1      | Reached XP level 1. HP: 11/11 MP: 3/3
    86 | D:1      | Reached XP level 2. HP: 15/18 MP: 5/5
   300 | D:1      | Reached skill level 1 in Fighting
   426 | D:1      | Reached XP level 3. HP: 23/23 MP: 4/6
   905 | D:2      | Identified the orb "Uffiarel" {guile, rC+}
   981 | D:2      | Found a hide-covered altar of Uskayaw.
  1173 | D:2      | Reached XP level 4. HP: 28/28 MP: 1/7
  1679 | D:3      | Learned a level 4 spell: Fulminant Prism
  1682 | D:3      | Learned a level 2 spell: Searing Ray
  2523 | D:3      | Reached XP level 5. HP: 34/34 MP: 1/9
  2710 | D:4      | Noticed an ogre
  2905 | D:4      | Reached skill level 1 in Hexes
  3035 | D:4      | Found a shadowy altar of Dithmenos.
  3103 | D:4      | Identified the +0 helmet of Conscience {rC+++ Int+5 Dex-4
                  | Stlth-}
  3103 | D:4      | Noticed Robin
  3117 | D:4      | Killed Robin
  3381 | D:4      | Noticed a phantom
  3390 | D:4      | HP: 1/35 [gnoll/+0 spear (1)]
  3570 | D:4      | Killed a phantom
  3571 | D:4      | Reached XP level 6. HP: 6/41 MP: 0/10
  3742 | D:4      | Reached skill level 5 in Stealth
  3742 | D:4      | Reached skill level 5 in Conjurations
  3742 | D:4      | HP: 2/61 [poisoned by a scorpion]
  3742 | D:4      | Slain by an orc wizard

Illustrated notes

Levels and vault maps discovered:
D:1:      amcnicky_arrival_feature_with_door, layout_rooms,
          corexii_leaking_fountain
D:2:      layout_loops_ring, basic_altar, st_stairs_7
D:3:      layout_basic, dreamdust_princess_bridge, nrook_loot_triangle
D:4:      layout_loops_ring, mainiacjoe_overflow_catwalk, uniq_robin

Skill      XL: |  1  2  3  4  5  6 |
---------------+-------------------+-----
Stealth        | 3 4 5 |  5.0
Fighting       | 1 2 |  2.8
Hexes          | 1 |  1.9
Spellcasting   | 3 |  3.2
Conjurations   | 5 |  5.0
Dodging        | |  2.0

Action                     |  1- 3 |  4- 6 || total
---------------------------+-------+-------++-------
  Melee: Unarmed           |    36 |    20 ||    56
         Constrict         |     8 |     3 ||    11
         Tentacles         |    10 |     4 ||    14
         Punch             |       |     1 ||     1
   Fire: Orcbow            |       |    39 ||    39
   Cast: Magic Dart        |    50 |    76 ||   126
         Searing Ray       |       |    10 ||    10
         Fulminant Prism   |       |     1 ||     1
    Use: Potion            |       |     4 ||     4
         Scroll            |       |     3 ||     3
   Stab: Sleeping          |     1 |       ||     1
 Armour: Skin              |    18 |    47 ||    65
  Dodge: Dodged            |    26 |    52 ||    78

Table legend: (Time is in decaauts)
 A = Elapsed time spent in this place.
 B = Non-inter-level travel time spent in this place.
 C = Inter-level travel time spent in this place.
 D = Time resting spent in this place.
 E = Time spent auto-exploring this place.
 F = Levels seen in this place.
 G = Mean time per level.
                   A        B        C        D        E       F      G
               +--------+--------+--------+--------+--------+-----+--------+
         Total |   3759 |   3646 |    113 |    297 |   2787 |   4 |  939.8 |
       Dungeon |   3759 |   3646 |    113 |    297 |   2787 |   4 |  939.8 |
               +--------+--------+--------+--------+--------+-----+--------+

Top non-repeatable levels by time:
     D:3: 1076 daAuts
     D:4: 1010 daAuts
     D:2: 932 daAuts
     D:1: 740 daAuts
